 Dungeon Crawl Stone Soup version 0.31-a0-18-gea43df2a32 (webtiles) character file.

Game seed: 14338881001165069155

14683 SleepyOcean the Cleaver (level 11, -3/99 HPs)
             Began as a Minotaur Fighter on May 11, 2023.
             Was a High Priest of Makhleb.
             Succumbed to a green very ugly thing's poison
             ... on level 2 of the Abyss.
             The game lasted 00:49:58 (8944 turns).

SleepyOcean the Cleaver (Minotaur Fighter)          Turns: 8944, Time: 00:49:59

Health: -3/99      AC: 20    Str: 25    XL:     11   Next: 91%
Magic:  10/10      EV:  7    Int:  5    God:    Makhleb [*****.]
Gold:   751        SH: 17    Dex: 16    Spells: 10/10 levels left

rFire   + + .        P - +2 war axe (vamp)
rCold   x . .        l - +0 kite shield
rNeg    + . .        k - +2 plate armour
rPois   .            (helmet restricted)
rElec   +            y - +0 cloak
rCorr   .            z - +0 pair of gloves
SInv    +            (no boots)
Will    +....        Z - amulet of reflection Stlth
                     c - +6 ring of dexterity
HPRegen 0.36/turn    m - ring of Kuyr {rElec rF+ rC- rN+ Stlth+}
MPRegen 0.12/turn

%: random rage (3%), reflection
@: lethally poisoned (-3 -> -35), about to teleport, on berserk cooldown
A: horns 2, retaliatory headbutt, talons 1, see invisible, berserk 1, fire
resistance 1, strong-willed 1
a: Renounce Religion, Minor Destruction, Lesser Servant of Makhleb, Major
Destruction, Greater Servant of Makhleb


You were on level 2 of the Abyss.
You worshipped Makhleb.
Makhleb was extremely pleased with you.
You visited 2 branches of the dungeon, and saw 10 of its levels.
You visited the Abyss 1 time.

You collected 751 gold pieces.

Inventory:

Hand Weapons
 a - a +0 heavy war axe
 r - a +0 dagger of chaos
 x - a +2 quarterstaff of chaos
 A - the +9 halberd "Otorus" {protect, rF+ MP+9}
   (You found it on level 5 of the Dungeon)

   rF:        It protects you from fire.
   MP:        It affects your magic capacity (+9).
 P - a +2 vampiric war axe (weapon)
 U - a +1 short sword of draining
Missiles
 K - 2 throwing nets (quivered)
Armour
 k - a +2 plate armour (worn)
 l - a +0 kite shield (worn)
 y - a +0 cloak (worn)
 z - a +0 pair of gloves (worn)
 B - a +1 chain mail of poison resistance
 F - the +6 leather armour of the Postmodern Beasts {Dex+3}
   (You found it on level 5 of the Dungeon)

   Dex:       It affects your dexterity (+3).
 L - a +2 leather armour of poison resistance
 X - the +1 robe of the Land of Plenty {rElec rF+}
   (You took it off an orc on level 8 of the Dungeon)

   rF:        It protects you from fire.
   rElec:     It insulates you from electricity.
Magical Staves
 t - a staff of earth
Jewellery
 c - a +6 ring of dexterity (left hand)
 e - an amulet of the acrobat
 g - a ring of positive energy
 m - the ring of Kuyr (right hand) {rElec rF+ rC- rN+ Stlth+}
   (You found it on level 2 of the Dungeon)

   [ring of positive energy]

   rF:        It protects you from fire.
   rC:        It makes you vulnerable to cold.
   rElec:     It insulates you from electricity.
   rN:        It protects you from negative energy.
   Stlth:     It makes you more stealthy.
 Z - an amulet of reflection (around neck)
Wands
 b - a wand of paralysis (7)
 w - a wand of digging (6)
 I - a wand of acid (19)
 W - a wand of iceblast (6)
Scrolls
 s - 3 scrolls of fear
 H - a scroll of blinking
 J - a scroll of amnesia
 Y - 3 scrolls of magic mapping
Potions
 d - 5 potions of lignification
 f - 3 potions of attraction
 h - 5 potions of degeneration
 i - a potion of resistance
 j - 4 potions of brilliance
 o - a potion of might
 p - a potion of ambrosia
 q - a potion of berserk rage
 E - a potion of flight {unknown}
 V - a potion of cancellation {unknown}


   Skills:
 + Level 9.8 Fighting
 + Level 14.6(15.1) Axes
 + Level 6.3(11.4) Polearms
 + Level 11.3 Armour
 + Level 2.0 Dodging
 + Level 1.0 Stealth
 + Level 9.8 Shields


You had 10 spell levels left.
You didn't know any spells.
Your spell library contained the following spells:

 Spells                   Type           Power      Damage    Failure   Level
 Beastly Appendage        Tmut           0%         N/A       100%        1
 Kiss of Death            Conj/Necr      0%         2d5       100%        1
 Necrotise                Necr           0%         1d4       100%        1
 Sting                    Tmut/Pois      0%         1d3       100%        1
 Poisonous Vapours        Pois/Air       0%         N/A       100%        2
 Sublimation of Blood     Necr           0%         N/A       100%        2
 Wereblood                Tmut           0%         N/A       100%        2
 Confusing Touch          Hex            0%         N/A       100%        3
 Portal Projectile        Hex/Tloc       0%         N/A       100%        3
 Spider Form              Tmut/Pois      0%         N/A       100%        3
 Tukima's Dance           Hex            0%         N/A       100%        3
 Vampiric Draining        Necr           0%         2d6       100%        3
 Dispel Undead            Necr           0%         3d6       100%        4
 Olgreb's Toxic Radiance  Pois           0%         N/A       100%        4
 Petrify                  Tmut/Erth      0%         N/A       100%        4
 Agony                    Necr           0%         N/A       100%        5
 Blade Hands              Tmut           0%         N/A       100%        5
 Fireball                 Conj/Fire      0%         3d3       100%        5
 Iskenderun's Battlesphe  Conj           0%         2d6       100%        5
 Metabolic Englaciation   Hex/Ice        0%         N/A       100%        5
 Conjure Ball Lightning   Conj/Air       0%         3x3d6     100%        6
 Statue Form              Tmut/Erth      0%         N/A       100%        6
 Orb of Destruction       Conj           0%         9d5       100%        7
 Summon Hydra             Summ           0%         N/A       100%        7


Dungeon Overview and Level Annotations

Branches:
Dungeon (9/15)             Temple (1/1) D:7            Lair (0/5) D:8
    Orc: D:9-12

Altars:
Ashenzari
Cheibriados
Dithmenos
Elyvilon
Fedhas
Gozag
Hepliaklqana
Kikubaaqudgha
Makhleb
Nemelex Xobeh
Okawaru
Qazlal
Ru
Sif Muna
Trog
Uskayaw
Vehumet
Wu Jian
Xom
Yredelemnul
Zin
The Shining One

Shops:
D:3 *

Portals:
Abyss: D:9

Annotations:
D:9 1 transporter, Darkkill's ghost, journeyman MiHu


Innate Abilities, Weirdness & Mutations

You have a pair of horns on your head.
You reflexively headbutt those who attack you in melee.
You have sharp toenails.
You have supernaturally acute eyesight. (SInv)
You sometimes lose your temper in combat.
Your flesh is heat resistant. (rF+)
You are strong-willed. (Will+)


Message History

You are lethally poisoned!
The green very ugly thing poisons you!
The smoke demon roars!
You slash the large abomination!
You destroy the large abomination!
Makhleb accepts your kill.
You feel better.
You closely miss the green very ugly thing.
You completely miss the green very ugly thing.
You feel extremely sick.
The green very ugly thing tail-slaps you.
The green very ugly thing punches you!!
* * * LOW HITPOINT WARNING * * *
You hit the green very ugly thing.
You feel better.
Your headbutt misses the green very ugly thing.
The green very ugly thing is moderately wounded.
You hit the green very ugly thing.
* * * LOW HITPOINT WARNING * * *
You feel extremely sick.
The green very ugly thing closely misses you.
You furiously retaliate!
You headbutt the green very ugly thing!
You feel much better.
* * * LOW HITPOINT WARNING * * *
You feel extremely sick.
The green very ugly thing punches you but does no damage.
The green very ugly thing tail-slaps you but does no damage.
* * * LOW HITPOINT WARNING * * *
You feel extremely sick.
You feel much better.
* * * LOW HITPOINT WARNING * * *
You feel extremely sick. The smoke demon gestures at you. Something smites you!
* * * LOW HITPOINT WARNING * * *
The green very ugly thing punches you but does no damage.
A starspawn tentacle comes into view.
As you read the scroll of teleportation, it crumbles to dust.
You feel strangely unstable.
You feel the power of the Abyss delaying your translocation!
You die...

#.#..# # #. ≈ #.
. # ... ~##. #
#.# #. ~ .. .#.
≈~≈# .
###.~~..##. .. ~
## . ..#~ ...
.#. # # # .##~.
..... # ## #
.#.#~~..#..#...
# ♣~
.#.##~~###w#.#..
~ ~#
#..~~.u@X.....#
.
##.~~#u#..##.#.
#~~.†.####..#
#..~≈.##. # . .
##.~3## ## . #.
..~≈# .# .#~≈ .
.~~ .~


You could see 2 very ugly things, a tentacled starspawn, a smoke demon and a
starspawn tentacle.

Vanquished Creatures
  A very ugly thing (Abyss:2)
  Erica (D:8)
  A two-headed ogre (D:9)
  A sun demon (Abyss:2)
  A shadow demon (Abyss:2)
  A glowing orange brain (Abyss:2)
  A cyclops (D:9)
  A shining eye (shapeshifter) (Abyss:2)
  3 toenail golems (D:9)
  Psyche (D:8)
  Maggie (D:6)
  2 ancient zymes (Abyss:2)
  An efreet (Abyss:2)
  Grinder (D:4)
  4 raiju (Abyss:2)
  Sigmund (D:4)
  2 wyverns
  A chaos spawn (Abyss:2)
  2 steam dragons (D:7)
  A neqoxec (D:9)
  Edmund (D:6)
  4 water moccasins
  5 orc warriors
  A sky beast (D:7)
  A black bear (D:6)
  3 small abominations (Abyss:2)
  4 ice beasts
  4 centaurs
  3 ogres
  2 large abominations (Abyss:2)
  2 phantoms (D:7)
  Blork the orc (D:4)
  3 kobold brigands
  2 bullfrogs
  5 scorpions
  6 wights
  6 killer bees (D:9)
  5 howler monkeys
  8 electric eels
  A quasit (Abyss:2)
  Crazy Yiuf (D:4)
  3 jellies
  5 orc priests
  5 hounds
  3 gnoll boudas
  3 iguanas
  3 sleepcaps
  Ijyb (D:5)
  12 orc wizards
  17 gnolls
  5 adders
  A shadow imp (D:7)
  A white imp (D:7)
  2 worms (D:2)
  3 dart slugs
  41 orcs
  9 endoplasms
  4 giant cockroaches
  12 goblins
  2 hobgoblins
  4 jackals (D:1)
  5 quokkas
  6 ball pythons
  10 bats
  8 frilled lizards
  21 kobolds
  7 rats
289 creatures vanquished.

Vanquished Creatures (others)
  A starspawn tentacle (Abyss:2)
1 creature vanquished.

Grand Total: 290 creatures vanquished

Notes
Turn   | Place    | Note
-------+----------+-------------------------------------------
     0 | D:1      | SleepyOcean the Minotaur Fighter began the quest for the
                  | Orb.
     0 | D:1      | Reached XP level 1. HP: 19/19 MP: 0/0
    48 | D:1      | Reached XP level 2. HP: 24/27 MP: 1/1
   505 | D:1      | Reached XP level 3. HP: 34/34 MP: 2/2
   659 | D:1      | Found a faded altar of an unknown god.
   668 | D:1      | Prayed at the altar of an unknown god.
   668 | D:1      | Became a worshipper of Makhleb the Destroyer
   668 | D:1      | Reached * piety under Makhleb
   958 | D:2      | Reached skill level 3 in Axes
  1409 | D:2      | Identified the ring of Kuyr {rElec rF+ rC- rN+ Stlth+}
  1419 | D:2      | Reached ** piety under Makhleb
  1420 | D:2      | Reached XP level 4. HP: 41/41 MP: 3/3
  1704 | D:3      | Reached skill level 4 in Axes
  1998 | D:3      | Found Maxahea's Assorted Antiques.
  2949 | D:4      | Reached skill level 5 in Fighting
  2949 | D:4      | Reached XP level 5. HP: 47/48 MP: 4/4
  3028 | D:4      | Noticed Sigmund
  3065 | D:4      | Killed Sigmund
  3066 | D:4      | Reached skill level 5 in Axes
  3066 | D:4      | Reached skill level 5 in Armour
  3066 | D:4      | Reached XP level 6. HP: 27/56 MP: 5/5
  3201 | D:4      | Noticed Blork the orc
  3201 | D:4      | Noticed Grinder
  3204 | D:4      | Paralysed by Grinder for 5 turns
  3227 | D:4      | Paralysed by Grinder for 5 turns
  3233 | D:4      | Paralysed by Grinder for 2 turns
  3289 | D:4      | Killed Blork the orc
  3329 | D:4      | Killed Grinder
  3330 | D:4      | Reached skill level 6 in Axes
  3330 | D:4      | Reached skill level 5 in Shields
  3330 | D:4      | Reached XP level 7. HP: 37/61 MP: 6/6
  3472 | D:4      | Found a stormy altar of Qazlal.
  3630 | D:4      | Found a runed translucent door.
  3631 | D:4      | Noticed Crazy Yiuf
  3640 | D:4      | Killed Crazy Yiuf
  4047 | D:5      | Entered Level 5 of the Dungeon
  4053 | D:5      | Reached skill level 1 in Dodging
  4054 | D:5      | Identified the +9 halberd "Otorus" {protect, rF+ MP+9}
  4328 | D:5      | Reached skill level 1 in Polearms
  4333 | D:5      | Identified the +6 leather armour of the Postmodern Beasts
                  | {Dex+3}
  4551 | D:5      | Reached XP level 8. HP: 70/70 MP: 7/7
  4593 | D:5      | Noticed Ijyb
  4606 | D:5      | Killed Ijyb
  4921 | D:6      | Reached *** piety under Makhleb
  4921 | D:6      | Noticed Edmund
  4925 | D:6      | Reached skill level 7 in Axes
  4930 | D:6      | Killed Edmund
  4931 | D:6      | Reached skill level 5 in Polearms
  5313 | D:6      | Noticed Maggie
  5320 | D:6      | Paralysed by Maggie for 3 turns
  5327 | D:6      | Killed Maggie
  5328 | D:6      | Reached skill level 1 in Stealth
  5328 | D:6      | Reached XP level 9. HP: 78/78 MP: 8/8
  5415 | D:6      | Reached skill level 8 in Axes
  5644 | D:7      | Found a staircase to the Ecumenical Temple.
  5663 | Temple   | Entered the Ecumenical Temple
  5757 | D:7      | Reached skill level 9 in Axes
  5763 | D:7      | Reached **** piety under Makhleb
  5794 | D:7      | Reached skill level 10 in Axes
  6057 | D:7      | Found a shimmering altar of Xom.
  6113 | D:7      | Reached XP level 10. HP: 84/88 MP: 9/9
  6153 | D:7      | Reached skill level 11 in Axes
  6654 | D:8      | Found an opulent altar of Gozag.
  6821 | D:8      | Gained mutation: You are resistant to electric shocks.
                  | (rElec) [potion of mutation]
  6821 | D:8      | Lost mutation: You are resistant to electric shocks.
                  | (rElec) [potion of mutation]
  6822 | D:8      | Gained mutation: Your flesh is heat resistant. (rF+)
                  | [potion of mutation]
  6822 | D:8      | Gained mutation: You have sharp toenails. [potion of
                  | mutation]
  6822 | D:8      | Gained mutation: Your muscles are strong. (Str +4, Int/Dex
                  | -1) [potion of mutation]
  6823 | D:8      | Lost mutation: Your muscles are strong. (Str +4, Int/Dex
                  | -1) [potion of mutation]
  6823 | D:8      | Lost mutation: You have sharp toenails. [potion of
                  | mutation]
  6823 | D:8      | Gained mutation: You sometimes lose your temper in combat.
                  | [potion of mutation]
  6823 | D:8      | Gained mutation: You are strong-willed. (Will+) [potion of
                  | mutation]
  6823 | D:8      | Gained mutation: You have sharp toenails. [potion of
                  | mutation]
  6823 | D:8      | Gained mutation: You have supernaturally acute eyesight.
                  | (SInv) [potion of mutation]
  6845 | D:8      | Found a glowing golden altar of the Shining One.
  6883 | D:8      | Found a sparkling altar of Nemelex Xobeh.
  6907 | D:8      | Noticed Erica
  6908 | D:8      | Found a staircase to the Lair.
  6910 | D:8      | Identified the +1 robe of the Land of Plenty {rElec rF+}
  6923 | D:8      | Killed Erica
  6923 | D:8      | Reached ***** piety under Makhleb
  6968 | D:8      | Noticed Psyche
  6982 | D:8      | Killed Psyche
  6983 | D:8      | Reached skill level 12 in Axes
  7034 | D:8      | Found a burning altar of Makhleb.
  7048 | D:8      | Found a bloodstained altar of Trog.
  7450 | D:8      | Found a glowing silver altar of Zin.
  7775 | D:9      | Found a basalt altar of Yredelemnul.
  7813 | D:9      | Noticed a two-headed ogre
  7832 | D:9      | Killed a two-headed ogre
  7901 | D:9      | Found a transporter.
  7949 | D:9      | Noticed Darkkill's ghost (journeyman MiHu)
  7958 | D:9      | Found a transporter.
  7963 | D:9      | Noticed a toenail golem
  8146 | D:9      | Reached XP level 11. HP: 95/95 MP: 10/10
  8179 | D:9      | Noticed a thrashing horror
  8328 | D:9      | Reached skill level 10 in Armour
  8498 | D:9      | Found a one-way gate to the infinite horrors of the Abyss.
  8504 | D:9      | Reached skill level 13 in Axes
  8541 | Abyss:2  | Cast into level 2 of the Abyss (orc warrior)
  8806 | Abyss:2  | Noticed a sun demon
  8807 | Abyss:2  | Noticed a glowing orange brain
  8815 | Abyss:2  | Killed a sun demon
  8816 | Abyss:2  | Noticed a shadow demon
  8833 | Abyss:2  | Noticed a large abomination
  8834 | Abyss:2  | Killed a shadow demon
  8840 | Abyss:2  | Noticed a glowing orange brain
  8841 | Abyss:2  | an eye of devastation changed into a shining eye
  8841 | Abyss:2  | Noticed a shining eye (shapeshifter)
  8843 | Abyss:2  | Killed a shining eye
  8850 | Abyss:2  | Noticed a spatial maelstrom
  8857 | Abyss:2  | Killed a glowing orange brain
  8918 | Abyss:2  | Noticed a red very ugly thing
  8919 | Abyss:2  | Reached skill level 14 in Axes
  8924 | Abyss:2  | Noticed a red very ugly thing
  8925 | Abyss:2  | Noticed a large abomination
  8926 | Abyss:2  | Noticed a red very ugly thing
  8932 | Abyss:2  | Killed a red very ugly thing
  8938 | Abyss:2  | Noticed a tentacled starspawn
  8939 | Abyss:2  | Killed a large abomination
  8940 | Abyss:2  | HP: 4/99 [poisoned by a green very ugly thing]
  8944 | Abyss:2  | Succumbed to a green very ugly thing's poison

Illustrated notes

Levels and vault maps discovered:
D:1:      dpeg_arrival_simpleton_a, layout_basic,
          chequers_ecumenical_altar_simple, serial_forest,
          infiniplex_forest_lined_1, infiniplex_forest_zigzag_1,
          infiniplex_forest_clump_double, infiniplex_forest_clump_curved,
          infiniplex_forest_clump_diagonal, infiniplex_forest_corner_1,
          infiniplex_forest_join, infiniplex_forest_clump_small,
          infiniplex_forest_clump_tiny, infiniplex_forest_lined_2,
          chequers_serial_rivers_micro_b, minmay_surrounded
D:2:      wad_lake_hut, layout_basic, eino_tiny_chamber
D:3:      layout_loops_corners, serial_shops, nicolae_shop_overgrown_old_shop,
          lemuel_flame_loot_1
D:4:      layout_cave_pools, old_standard_altar, uniq_sigmund,
          uniq_blork_the_orc, uniq_grinder, uniq_crazy_yiuf_cottage
D:5:      layout_gridville, uniq_ijyb
D:6:      layout_loops_cross, grunt_decor_arrowhead, uniq_edmund, uniq_maggie
D:7:      layout_basic, nicolae_overflow_crystal_walls,
          minmay_temple_entry_hall, grunt_ministairs_9, corexii_checkpoint_a,
          st_stairs_13, serial_bayou_pond_b, dk_noncrumbling_4,
          hex_intersection, minmay_joined_circles
D:8:      layout_cave_pools, marbit_many_paths, trog_hazing_becter,
          amcnicky_altar_gilded, bloody_makhleb, tso_metal_star,
          mainiacjoe_overflow_boulevard, uniq_erica, uniq_psyche
D:9:      cheibrodos_two_vegetables, layout_long_grid, kennysheep_mini_moat,
          gammafunk_ghost_abyssal_escape, serial_bayou, serial_bayou_pond_e,
          serial_bayou_pond_d, serial_bayou_pond_d, serial_bayou_ford_a
Temple:   nicolae_temple_god_jail
Abyss:2:  base: D:3, base:
D:2

Skill      XL: |  1  2  3  4  5  6  7  8  9 10 11 |
---------------+----------------------------------+-----
Fighting       | 4 5 6 7 8 9 |  9.8
Shields        | 4 5 6 8 9 |  9.8
Axes           | 3 4 5 6 7 10 12 14 | 14.6
Armour         | 4 5 6 7 8 9 11 | 11.3
Dodging        | 1 2 |  2.0
Polearms       | 2 6 |  6.3
Stealth        | 1 |  1.0

Action                     |  1- 3 |  4- 6 |  7- 9 | 10-12 || total
---------------------------+-------+-------+-------+-------++-------
  Melee: War axe           |   123 |    89 |   165 |   356 ||   733
         Headbutt          |    17 |    13 |    44 |    81 ||   155
         Halberd           |       |       |    61 |       ||    61
         Kick              |       |       |       |    94 ||    94
    Use: Scroll            |     4 |     6 |     7 |     6 ||    23
         Potion            |       |     1 |     1 |     7 ||     9
 Armour: Scale mail        |    26 |       |       |       ||    26
         Plate armour      |    19 |    67 |   142 |   140 ||   368
  Dodge: Dodged            |    47 |    45 |    75 |    96 ||   263
  Block: Buckler           |    24 |       |       |       ||    24
         Kite shield       |       |    51 |    94 |   228 ||   373
         Reflection        |       |       |       |    11 ||    11

Table legend: (Time is in decaauts)
 A = Elapsed time spent in this place.
 B = Non-inter-level travel time spent in this place.
 C = Inter-level travel time spent in this place.
 D = Time resting spent in this place.
 E = Time spent auto-exploring this place.
 F = Levels seen in this place.
 G = Mean time per level.
                   A        B        C        D        E       F      G
               +--------+--------+--------+--------+--------+-----+--------+
         Total |   9227 |   8705 |    522 |      0 |   6141 |  11 |  838.8 |
       Dungeon |   8749 |   8271 |    478 |      0 |   5889 |   9 |  972.1 |
        Temple |     68 |     24 |     44 |      0 |      0 |   1 |   68.0 |
         Abyss |    408 |    408 |      0 |      0 |    252 |   1 |  408.0 |
               +--------+--------+--------+--------+--------+-----+--------+

Top non-repeatable levels by time:
     D:3: 1276 daAuts
     D:4: 1158 daAuts
     D:9: 1127 daAuts
     D:1: 986 daAuts
     D:7: 942 daAuts
     D:8: 864 daAuts
     D:5: 813 daAuts
     D:6: 797 daAuts
     D:2: 783 daAuts
 Abyss:2: 408 daAuts
  Temple: 68 daAuts
